 Dungeon Crawl Stone Soup version 0.28.0-45-g0d030f2227 (webtiles) character file.

Game seed: 14295615445938883099

65 Bliebski the Ducker (level 3, 0/29 HPs)
             Began as a Demonspawn Gladiator on Apr 16, 2022.
             Succumbed to an adder's poison
             ... on level 2 of the Dungeon.
             The game lasted 00:05:10 (1973 turns).

Bliebski the Ducker (Demonspawn Gladiator)          Turns: 1973, Time: 00:05:11

Health: 0/29       AC:  4    Str: 16    XL:     3   Next: 92%
Magic:  2/3        EV: 12    Int:  9    God:
Gold:   60         SH:  0    Dex: 14    Spells: 2/2 levels left

rFire   + . .      SeeInvis +   a - +0 rapier
rCold   . . .      Faith    .   (no shield)
rNeg    . . .      Spirit   +   b - +0 leather armour
rPois   .          Reflect  .   c - +0 helmet
rElec   .          Harm     .   (no cloak)
rCorr   .          Rampage  .   (no gloves)
Will    .....                   (no boots)
Stlth   +.........              f - amulet of guardian spirit
HPRegen 0.09/turn               (no ring)
MPRegen 0.08/turn               (no ring)

@: lethally poisoned (0 -> -2)
A: demonic guardian 1, foul stench 1, see invisible, fire resistance 1, wild
magic 1, no potion heal 1
a: no special abilities


You were on level 2 of the Dungeon.
You visited 1 branch of the dungeon, and saw 2 of its levels.

You collected 60 gold pieces.

Inventory:

Hand Weapons
 a - a +0 rapier (weapon)
Missiles
 d - 3 throwing nets
 h - 39 stones (quivered)
Armour
 b - a +0 leather armour (worn)
 c - a +0 helmet (worn)
Jewellery
 f - an amulet of guardian spirit (around neck)
Scrolls
 g - a scroll of summoning {unknown}
 i - a scroll of enchant armour {unknown}
 j - 2 scrolls of magic mapping {unknown}
 k - a scroll of identify {unknown}


   Skills:
 + Level 3.1 Fighting
 - Level 3.0 Short Blades
 - Level 2.0 Throwing
 + Level 3.5 Dodging


You had 2 spell levels left.
You didn't know any spells.
Your spell library contained the following spells:

 Spells                   Type           Power      Damage    Failure   Level
 Slow                     Hex            0%         N/A       54%         1
 Confusing Touch          Hex            0%         N/A       88%         3
 Ozocubu's Armour         Ice            0%         N/A       88%         3
 Vampiric Draining        Necr           0%         2d6       88%         3
 Ozocubu's Refrigeration  Ice            0%         4d5       100%        7


Dungeon Overview and Level Annotations

Branches:
Dungeon (2/15)

Altars:


Innate Abilities, Weirdness & Mutations

A weak demonic guardian rushes to your aid.
You may rarely emit foul miasma when damaged in melee.
You have supernaturally acute eyesight. (SInv)
Your flesh is heat resistant. (rF+)
Your spells are a little harder to cast, but a little more powerful.
Potions are less effective at restoring your health.


Message History

You hit the adder.
The adder is lightly wounded.
You feel sick. The adder bites you.
You emit a cloud of foul miasma!
The adder is engulfed in dark miasma.
The adder is poisoned.
The adder seems to slow down.
The adder bites you but does no damage.
You hit the adder.
The adder is almost dead.
You feel sick.
The adder is engulfed in dark miasma.
The adder looks even sicker.
The adder seems to slow down.
You kill the adder!
You feel sick.
You feel sick.
You feel sick.
You feel sick.
You feel sick.
You are no longer poisoned.
Throw: 39 stones
Press: ? - help, Q - select action, (/) - cycle Shift-Dir - straight line, f - adder
Aim: an adder (42% to hit)
Okay, then.
You are too injured to fight recklessly!
You puncture the adder!
The adder is severely wounded.
The adder bites you.
* * * LOW HITPOINT WARNING * * *
A demonic guardian appears!
You are lethally poisoned!
The adder poisons you!
It was a potion of mutation.
You feel extremely strange.
You feel resistant to heat.
Your system partially rejects the healing effects of potions.
You feel less in control of your magic.
Your vision sharpens.
* * * LOW HITPOINT WARNING * * *
You feel sick. The adder bites you but does no damage.
It was a potion of cancellation.
You feel magically purged.
* * * LOW HITPOINT WARNING * * *
You feel sick. The adder misses you. The adder bites you but does no damage.
You closely miss the adder.
The adder is severely wounded.
You die...

#.# ####.#
###.#
#....#
.##.#
#####.#..#
.##.#
.........#
.##.#
#######..#
.##.#
#....#
.##.#
#.#.......
.##.#
#.#######.
.##.#
#.5@.#
###<#
####S# #
#.# #r#
###.# #.#
.##.# #J#
.##.#
#.####
.##.#
#....#
..#.#######
####S#
..#.).....#
#.#


You could see an adder (ally target), an endoplasm, a quokka and a friendly
ufetubus (summoned).

Vanquished Creatures
  2 adders
  A worm (D:2)
  A dart slug (D:1)
  3 bats (D:1)
  4 endoplasms
  2 giant cockroaches (D:2)
  4 goblins
  2 hobgoblins
  3 jackals (D:2)
  3 ball pythons
  3 frilled lizards
  6 kobolds
  4 rats
38 creatures vanquished.

Notes
Turn   | Place    | Note
-------+----------+-------------------------------------------
     0 | D:1      | Bliebski the Demonspawn Gladiator began the quest for the
                  | Orb.
     0 | D:1      | Reached XP level 1. HP: 16/16 MP: 1/1
   243 | D:1      | Gained mutation: You may rarely emit foul miasma when
                  | damaged in melee. [demonic ancestry]
   243 | D:1      | Reached XP level 2. HP: 20/22 MP: 2/2
  1074 | D:2      | Gained mutation: A weak demonic guardian rushes to your
                  | aid. [demonic ancestry]
  1074 | D:2      | Reached XP level 3. HP: 24/28 MP: 3/3
  1971 | D:2      | Gained mutation: Your flesh is heat resistant. (rF+)
                  | [potion of mutation]
  1971 | D:2      | Gained mutation: Potions are less effective at restoring
                  | your health. [potion of mutation]
  1971 | D:2      | Gained mutation: Your spells are a little harder to cast,
                  | but a little more powerful. [potion of mutation]
  1971 | D:2      | Gained mutation: You have supernaturally acute eyesight.
                  | (SInv) [potion of mutation]
  1973 | D:2      | Succumbed to an adder's poison

Illustrated notes

Levels and vault maps discovered:
D:1:      psy_arrival_heroes, layout_basic
D:2:      layout_basic, wander_ebering_terrifying_dragon_lair

Skill      XL: |  1  2  3 |
---------------+----------+-----
Throwing       | 2 |  2.0
Dodging        | 3 |  3.5
Short Blades   | 3 |  3.0
Fighting       | 3 |  3.1

Action                   || total
-------------------------++-------
Melee: Rapier            ||   119
       Punch             ||     3
  Use: Potion            ||     2
Armor: Leather armour    ||    40
Dodge: Dodged            ||    76
